 Dungeon Crawl Stone Soup version 0.31-a0-640-g39d97e502b (webtiles) character file.

Game seed: 7382090571624414963

439 zero the Digger (level 7, 0/41 HPs)
             Began as an Octopode Earth Elementalist on Aug 28, 2023.
             Was an Initiate of Gozag.
             Slain by a gnoll bouda
             ... wielding a +0 club
              (12 damage)
             ... on level 4 of the Dungeon.
             The game lasted 00:02:17 (3601 turns).

zero the Digger (Octopode Earth Elementalist)       Turns: 3601, Time: 00:02:18

Health: 0/41       AC:  1    Str:  7    XL:     7   Next: 1%
Magic:  6/13       EV: 13    Int: 19    God:    Gozag
Gold:   312        SH:  0    Dex: 13    Spells: 10/14 levels left

rFire   . . .        (no weapon)
rCold   + . .        (no shield)
rNeg    . . .        s - melded +2 hat
rPois   .            (no amulet)
rElec   .            f - ring of protection from cold
rCorr   .            (no ring)
SInv    .            (no ring)
Will    .....        (no ring)
Stlth   +++          (no ring)
HPRegen 0.26/turn    (no ring)
MPRegen 0.13/turn    (no ring)
                     (no ring)

%: no passive effects
@: beast-form, gold aura
A: beast (slay +0), almost no armour, amphibious, 8 rings, camouflage 1,
gelatinous body 1, (nimble swimmer 1), tentacles
a: Begin Untransformation, Renounce Religion, Potion Petition, Call Merchant,
Bribe Branch


You were on level 4 of the Dungeon.
You worshipped Gozag.
Gozag was aware of your devotion.
You were a hulking beast.
You visited 1 branch of the dungeon, and saw 4 of its levels.

You collected 328 gold pieces.
You paid 16 gold pieces to Gozag.

Inventory:

Armour
 s - a +2 hat (melded)
Jewellery
 d - a ring of fire
 f - a ring of protection from cold (left tentacle)
Talismans
 c - a beast talisman (active)
Wands
 o - a wand of flame (11)
 q - a wand of light (3)
Scrolls
 b - a scroll of fog {unknown}
 e - a scroll of enchant weapon {unknown}
 h - 2 scrolls of identify {unknown}
 i - a scroll of revelation {unknown}
 j - a scroll of silence {unknown}
 m - a scroll of enchant armour {unknown}
 p - 3 scrolls of teleportation {unknown}
 t - a scroll of amnesia {unknown}
Potions
 a - a potion of magic
 g - 2 potions of lignification {unknown}
 k - a potion of resistance {unknown}
 l - a potion of berserk rage {unknown}
 n - a potion of haste {unknown}
 r - a potion of mutation {unknown}


   Skills:
 - Level 2.0 Dodging
 - Level 2.6 Stealth
 + Level 4.0 Spellcasting
 + Level 3.3 Conjurations
 - Level 1.0 Transmutations
 + Level 5.1 Earth Magic
 - Level 1.1 Shapeshifting


You had 10 spell levels left.
You knew the following spells:

 Your Spells              Type           Power      Damage    Failure   Level
a - Sandblast             Erth           46%        2d11      1%          1
b - Stone Arrow           Conj/Erth      40%        3d9       7%          3

Your spell library contained the following spells:

 Spells                   Type           Power      Damage    Failure   Level
 Passwall                 Tmut/Erth      12%        N/A       6%          2
 Petrify                  Tmut/Erth      15%        N/A       36%         4


Dungeon Overview and Level Annotations

Branches:
Dungeon (4/15)
 Temple: D:4-7

Altars:
Gozag
Uskayaw

Shops:
D:1 [

Annotations:
D:2 1 runed translucent door, Crazy Yiuf


Innate Abilities, Weirdness & Mutations

You are a hulking beast.
Your limbs bulge with bestial killing power. (Slay +0)
You cannot wear most types of armour.
You are amphibious.
You can wear up to eight rings at the same time.
Your skin changes colour to match your surroundings (Stealth+).
Your rubbery body absorbs attacks. (AC +1, EV +1)
((You are camouflaged when in or above water. (Stealth+)))
You have tentacles for arms and can constrict up to eight enemies at once.


Message History

The blast of sand hits the gnoll bouda but does no damage.
A gnoll comes into view. It is wielding a +0 club.
The blast of sand hits the gnoll bouda.
The gnoll bouda is lightly wounded.
The gnoll bouda hits you with a +0 club!
The gnoll bouda hits you with a +0 club.
The blast of sand hits the gnoll bouda.
The gnoll bouda is moderately wounded.
The gnoll bouda misses you.
The blast of sand hits the gnoll bouda!
The gnoll bouda is severely wounded.
The gnoll bouda hits you with a +0 club.
A gnoll comes into view. It is wielding a +0 spear.
The gnoll bouda barks out a call to the hunt!
The gnolls pick up the pace!
You are too injured to fight recklessly!
You are too injured to fight recklessly!
You are too injured to fight recklessly!
You are too injured to fight recklessly!
Casting: Sandblast (safe; 1% risk of failure)
Confirm with . or Enter, or press ? or * to list all spells.
Aiming: Sandblast (safe; 1% risk of failure)
Press: ? - help, Shift-Dir - straight line, f/p - gnoll bouda
Aim: a gnoll bouda, wielding a +0 club and wearing a +0 robe (severely wounded, 85% to hit)
The blast of sand hits the gnoll bouda.
The gnoll bouda is almost dead.
The gnoll bouda hits you with a +0 club.
Casting: Sandblast (safe; 1% risk of failure)
Confirm with . or Enter, or press ? or * to list all spells.
Aiming: Sandblast (safe; 1% risk of failure)
Press: ? - help, Shift-Dir - straight line, f/p - gnoll bouda
Aim: a gnoll bouda, wielding a +0 club and wearing a +0 robe (almost dead, 85% to hit)
The blast of sand misses the gnoll bouda.
The blast of sand misses the gnoll.
The blast of sand hits the gnoll!
The gnoll is almost dead.
The gnoll bouda hits you with a +0 club!
* * * LOW HITPOINT WARNING * * *
The gnoll bouda hits you with a +0 club!
You die...
Your body crumbles into a pile of gold.

#..........####.#######
########...# #.#
#..........# #.#
###.#####..####.#
...............#
##.#####..######
#........ #.#######
#..hggg.# #######.#


You could see a gnoll bouda and 2 gnolls.

Vanquished Creatures
  A black bear (D:4)
  2 ogres (D:4)
  A hound (D:4)
  An iguana (D:4)
  5 adders
  A gnoll (D:4)
  2 dart slugs
  7 ball pythons
  3 bats
  9 endoplasms
  3 giant cockroaches (D:2)
  7 goblins
  5 hobgoblins
  11 kobolds
  4 quokkas
  3 frilled lizards (D:1)
  6 rats
71 creatures vanquished.

Notes
Turn   | Place    | Note
-------+----------+-------------------------------------------
     0 | D:1      | zero the Octopode Earth Elementalist began the quest for
                  | the Orb.
     0 | D:1      | Reached XP level 1. HP: 11/11 MP: 3/3
   210 | D:1      | Reached XP level 2. HP: 17/17 MP: 3/5
   580 | D:1      | Found Fyzxoder's Antique Armour Shoppe.
   591 | D:1      | Reached skill level 1 in Shapeshifting
   638 | D:1      | Found a faded altar of an unknown god.
   804 | D:1      | Reached XP level 3. HP: 17/21 MP: 3/6
   808 | D:1      | Learned a level 3 spell: Stone Arrow
  1478 | D:2      | Found an opulent altar of Gozag.
  1491 | D:2      | Became a worshipper of Gozag Ym Sagoz the Greedy
  1599 | D:2      | Found a runed translucent door.
  1600 | D:2      | Noticed Crazy Yiuf
  1772 | D:2      | Reached skill level 1 in Conjurations
  1772 | D:2      | Reached XP level 4. HP: 23/27 MP: 4/7
  2663 | D:3      | Identified the +1 robe "Cucseu Vysm" {+Inv}
  2813 | D:3      | Reached skill level 4 in Earth Magic
  3210 | D:4      | Noticed an ogre
  3214 | D:4      | Killed an ogre
  3215 | D:4      | Reached XP level 5. HP: 31/31 MP: 4/9
  3264 | D:4      | Reached XP level 6. HP: 33/36 MP: 6/11
  3361 | D:4      | Noticed a black bear
  3365 | D:4      | Killed a black bear
  3366 | D:4      | Reached skill level 5 in Earth Magic
  3476 | D:4      | Noticed a +0 dagger
  3477 | D:4      | Noticed a +0 hand axe
  3508 | D:4      | Found a hide-covered altar of Uskayaw.
  3596 | D:4      | Reached XP level 7. HP: 41/41 MP: 11/13
  3601 | D:4      | Slain by a gnoll bouda

Illustrated notes

Levels and vault maps discovered:
D:1:      dpeg_arrival_rooms_b, layout_basic,
          shapermc_ecumenical_altar_totnotflames, serial_shops, shop,
          serial_bayou_pond_c
D:2:      layout_basic, basic_altar, uniq_crazy_yiuf_cottage
D:3:      layout_basic, portal_sewer_entry_d, minmay_cut_off
D:4:      layout_basic, dancing_weapons_uskayaw, uniq_pikel

Skill      XL: |  1  2  3  4  5  6 |
---------------+-------------------+-----
Shapeshifting  | 1 |  1.1
Conjurations   | 1 2 3 |  3.3
Earth Magic    | 4 5 |  5.1
Spellcasting   | 3 4 |  4.0
Dodging        | |  2.0
Stealth        | |  2.6
Transmutations | |  1.0

Action                     |  1- 3 |  4- 6 |  7- 9 || total
---------------------------+-------+-------+-------++-------
  Melee: Unarmed           |    11 |     4 |       ||    15
         Constrict         |     3 |     2 |       ||     5
         Tentacles         |       |     1 |       ||     1
   Cast: Sandblast         |    48 |    40 |     6 ||    94
         Stone Arrow       |       |     3 |       ||     3
   Stab: Sleeping          |       |     1 |       ||     1
  Dodge: Dodged            |    14 |    11 |     1 ||    26
   Form: Beast             |     1 |     1 |       ||     2
                           |       |     1 |       ||     1

Table legend: (Time is in decaauts)
 A = Elapsed time spent in this place.
 B = Non-inter-level travel time spent in this place.
 C = Inter-level travel time spent in this place.
 D = Time resting spent in this place.
 E = Time spent auto-exploring this place.
 F = Levels seen in this place.
 G = Mean time per level.
                   A        B        C        D        E       F      G
               +--------+--------+--------+--------+--------+-----+--------+
         Total |   3646 |   3561 |     85 |    153 |   2986 |   4 |  911.5 |
       Dungeon |   3646 |   3561 |     85 |    153 |   2986 |   4 |  911.5 |
               +--------+--------+--------+--------+--------+-----+--------+

Top non-repeatable levels by time:
     D:1: 1208 daAuts
     D:2: 948 daAuts
     D:3: 936 daAuts
     D:4: 553 daAuts
